 Dungeon Crawl Stone Soup version 0.21-a0-442-g848f44b (webtiles) character file.

6762 vladimirx the Grappler (level 10, -9/144 HPs)
             Began as a Troll Berserker on Nov 15, 2017.
             Was an Elder of Trog.
             Mangled by kylix's ghost (25 damage)
             ... on level 9 of the Dungeon.
             The game lasted 00:08:15 (5901 turns).

vladimirx the Grappler (Troll Berserker)            Turns: 5901, Time: 00:08:16

Health: -9/144     AC:  5    Str: 34    XL:     10   Next: 75%
Magic:  9/9        EV: 12    Int:  4    God:    Trog [****..]
Gold:   455        SH:  0    Dex:  9    Spells: 9/9 levels left

rFire    + . .     SeeInvis .     - Unarmed
rCold    + . .     Gourm    +   (no shield)
rNeg     + . .     Faith    .   o - +0 robe
rPois    .         Spirit   .   (helmet restricted)
rElec    .         Reflect  .   n - scarf {rC+ rF+}
rCorr    .         Harm     .   (gloves unavailable)
MR       ++...                  (boots unavailable)
Stlth    ..........             p - amulet of regeneration
HPRegen  2.14/turn              u - ring of positive energy
MPRegen  0.11/turn              (no ring)

@: berserking, regenerating, very quick
A: unfitting armour, claws 3, fast metabolism 3, gourmand, regeneration 1,
shaggy fur 1, tough skin 2
a: Berserk, Trog's Hand, Brothers in Arms, Burn Spellbooks, Renounce Religion


You were on level 9 of the Dungeon.
You worshipped Trog.
Trog was greatly pleased with you.
You were very full.

You visited 1 branch of the dungeon, and saw 9 of its levels.

You collected 455 gold pieces.

Inventory:

Missiles
 f - 232 stones (quivered)
 G - a throwing net
 K - 5 tomahawks
Armour
 n - a scarf of resistance (worn)
 o - a +0 robe (worn)
 E - a +1 cloak
Jewellery
 p - an amulet of regeneration (around neck)
 u - a ring of positive energy (left claw)
Wands
 w - a wand of digging (7/24)
 C - a wand of iceblast (9/15)
Scrolls
 a - 2 scrolls of immolation {unknown}
 g - 5 scrolls of remove curse
 h - 5 scrolls of teleportation {unknown}
 l - 7 scrolls of identify
 m - 6 scrolls of enchant weapon {unknown}
 r - a scroll of fear {unknown}
 x - a scroll of recharging {unknown}
 y - a scroll of amnesia {unknown}
 z - a scroll of holy word {unknown}
 D - a scroll of magic mapping {unknown}
 F - a scroll of noise {unknown}
 J - a scroll of fog {unknown}
Potions
 d - 6 potions of agility {unknown}
 e - 5 potions of curing {unknown}
 i - 2 potions of magic
 j - 3 potions of flight {unknown}
 k - a potion of lignification {unknown}
 q - 4 potions of degeneration {unknown}
 t - 2 potions of resistance
 v - a potion of heal wounds {unknown}
 A - a potion of brilliance {unknown}
 B - a potion of haste {unknown}
 I - a potion of mutation {unknown}
Comestibles
 b - 8 bread rations
 c - 2 royal jellies
 s - 3 fruits
 H - 3 meat rations
 L - 5 chunks of flesh


   Skills:
 + Level 5.1 Fighting
 + Level 1.1 Throwing
 + Level 7.3 Dodging
 + Level 2.4 Stealth
 + Level 12.5 Unarmed Combat


You had 9 spell levels left.
You didn't know any spells.

Dungeon Overview and Level Annotations

Branches:
Dungeon (9/15)             Temple (0/1) D:5
   Lair: D:8-11         Orc: D:9-12

Altars:
Ashenzari
Hepliaklqana
Makhleb
Trog
Uskayaw
The Shining One

Shops:
D:7 *

Annotations:
D:9 kylix's ghost, novice TrCK


Innate Abilities, Weirdness & Mutations

You are too large for most types of armour.
You have claws for hands.
Your metabolism is lightning-fast.
You like to eat raw meat.
Your natural rate of healing is unusually fast.
You are covered in fur. (AC +1)
You have very tough skin. (AC +2)


Message History

Kylix's ghost is severely damaged.
You miss kylix's ghost.
Kylix's ghost is severely damaged.
Kylix's ghost hits you!
* * * LOW HITPOINT WARNING * * *
You claw kylix's ghost!
Kylix's ghost is severely damaged.
You barely miss kylix's ghost. Your claw misses kylix's ghost.
Kylix's ghost is severely damaged.
Kylix's ghost closely misses you.
You miss kylix's ghost.
Kylix's ghost is severely damaged.
Kylix's ghost hits you!
* * * LOW HITPOINT WARNING * * *
You closely miss kylix's ghost.
Kylix's ghost is severely damaged.
You closely miss kylix's ghost.
Kylix's ghost is severely damaged.
Kylix's ghost hits you!!
You die...

#.. #.# #..... ## #.#
##..... .# #.# ...... .#
#.# .(..# .###.####.##
.... [##..)...... .z#
)#...####### ##W##
)...>### #.@.# ...p...#
#...# .##..#.#
#...#####. .##....#
#......... .##.p..#
######.p.####..
.##....###.............
.......................
#####.####.............#
##.# ######..>####.#


You could see a wight, kylix's ghost and a neutral freed slave (wandering).

Vanquished Creatures
  4 two-headed ogres
  Pikel (D:9)
  A hippogriff (D:7)
  The ghost of vladimirx the Ruffian, an amateur TrBe of Trog (D:4)
  Sigmund (D:2)
  2 wyverns (D:8)
  Menkaure (D:5)
  A hungry ghost (D:8)
  A water moccasin (D:6)
  An orc warrior (D:7)
  A slave (D:9)
  2 phantoms
  A necrophage (D:5)
  4 ogres
  2 centaurs
  A big kobold (D:8)
  2 bullfrogs
  A wyvern zombie (D:6)
  A scorpion (D:5)
  11 killer bees (D:8)
  6 crimson imps
  A centaur zombie (D:5)
  5 hounds
  5 orc priests
  2 orc wizards
  2 iguanas
  Jessica (D:3)
  5 worker ants
  A worker ant zombie (D:6)
  A howler monkey zombie (D:7)
  Robin (D:2)
  11 adders
  8 gnolls
  2 shadow imps
  An ooze (D:3)
  2 adder skeletons
  5 worms
  3 dart slugs
  2 leopard geckos
  15 orcs
  A ball python (D:3)
  9 bats
  7 giant cockroaches
  15 goblins
  7 hobgoblins
  8 jackals
  10 kobolds
  8 quokkas
  7 frilled lizards
  2 leopard gecko skeletons
  3 rats (D:2)
196 creatures vanquished.

Vanquished Creatures (others)
  A wight (D:9)
1 creature vanquished.

Grand Total: 197 creatures vanquished

Notes
Turn   | Place    | Note
-------+----------+-------------------------------------------
     0 | D:1      | vladimirx the Troll Berserker began the quest for the Orb.
     0 | D:1      | Reached XP level 1. HP: 22/22 MP: 0/0
   137 | D:1      | Reached XP level 2. HP: 27/29 MP: 1/1
   559 | D:1      | Reached XP level 3. HP: 36/36 MP: 2/2
   674 | D:2      | Noticed Robin
   679 | D:2      | Killed Robin
   702 | D:2      | Reached ** piety under Trog
   815 | D:2      | Reached XP level 4. HP: 41/45 MP: 3/3
   899 | D:2      | Reached skill level 4 in Unarmed Combat
  1042 | D:2      | Noticed Sigmund
  1045 | D:2      | Reached XP level 5. HP: 52/53 MP: 4/4
  1054 | D:2      | Killed Sigmund
  1054 | D:2      | Reached skill level 5 in Unarmed Combat
  1054 | D:2      | Reached XP level 6. HP: 61/61 MP: 5/5
  1522 | D:3      | Noticed Jessica
  1529 | D:3      | Killed Jessica
  1529 | D:3      | Reached *** piety under Trog
  1630 | D:3      | Found a shattered altar of Ashenzari.
  1634 | D:3      | Saw a vision of the Shoals and the Spider Nest.
  1634 | D:3      | Noticed a redback
  1634 | D:3      | Noticed a hornet
  1634 | D:3      | Noticed a wolf spider
  1634 | D:3      | Noticed a merfolk siren
  1634 | D:3      | Noticed a merfolk
  1634 | D:3      | Noticed a hippogriff
  1935 | D:4      | Noticed vladimirx's ghost (amateur TrBe)
  1947 | D:4      | Killed vladimirx's ghost
  1947 | D:4      | Reached skill level 6 in Unarmed Combat
  1947 | D:4      | Reached XP level 7. HP: 67/67 MP: 6/6
  2045 | D:4      | Found a hazy altar of Hepliaklqana.
  2045 | D:4      | Found a hide-covered altar of Uskayaw.
  2045 | D:4      | Found a bloodstained altar of Trog.
  2046 | D:4      | Found a glowing golden altar of the Shining One.
  2703 | D:5      | Entered Level 5 of the Dungeon
  2779 | D:5      | Reached skill level 7 in Unarmed Combat
  2801 | D:5      | Noticed Menkaure
  2810 | D:5      | Killed Menkaure
  2871 | D:5      | Reached XP level 8. HP: 73/78 MP: 7/7
  3004 | D:5      | Found a staircase to the Ecumenical Temple.
  3230 | D:5      | Reached skill level 5 in Dodging
  3230 | D:5      | Reached skill level 8 in Unarmed Combat
  3620 | D:6      | Reached **** piety under Trog
  3620 | D:6      | Reached skill level 1 in Stealth
  3749 | D:6      | Reached skill level 9 in Unarmed Combat
  4171 | D:7      | Found Xeiso's Elemental Accessories.
  4204 | D:7      | Noticed a two-headed ogre
  4214 | D:7      | Killed a two-headed ogre
  4214 | D:7      | Reached skill level 10 in Unarmed Combat
  4214 | D:7      | Reached XP level 9. HP: 68/84 MP: 8/8
  4912 | D:8      | Noticed a two-headed ogre
  4922 | D:8      | Killed a two-headed ogre
  4922 | D:8      | Reached skill level 11 in Unarmed Combat
  4936 | D:8      | Found a burning altar of Makhleb.
  5030 | D:8      | Reached skill level 1 in Throwing
  5030 | D:8      | Reached XP level 10. HP: 94/94 MP: 9/9
  5243 | D:8      | Noticed a two-headed ogre
  5255 | D:8      | Killed a two-headed ogre
  5309 | D:8      | Found a burning altar of Makhleb.
  5423 | D:8      | Reached ***** piety under Trog
  5428 | D:8      | Reached skill level 12 in Unarmed Combat
  5776 | D:9      | Noticed Pikel
  5777 | D:9      | Noticed a two-headed ogre
  5791 | D:9      | Killed Pikel
  5791 | D:9      | Reached skill level 5 in Fighting
  5801 | D:9      | Killed a two-headed ogre
  5884 | D:9      | Noticed kylix's ghost (novice TrCK)
  5901 | D:9      | Mangled by kylix's ghost

Vault maps used:
D:1:      moated_graveyard_arrival, minmay_misc_feat_encased,
          grunt_decor_mini_mirrors
D:2:      minmay_tiny_reverse_x, uniq_robin, uniq_sigmund
D:3:      first_bread, grunt_ashenzari_visionary, uniq_jessica
D:4:      chequers_temple_overflow_statue_of_worship
D:5:      minmay_opposing_rooms, minmay_temple_entry_large_hall, uniq_menkaure
D:7:      grunt_ogre_cave, nicolae_elemental_shop
D:8:      basic_altar, minmay_misc_feat_chi, makhleb_heckhound_becter
D:9:      dpeg_oklobed_lair, basic_altar, xom_redecorated, uniq_pikel

Skill      XL: |  1  2  3  4  5  6  7  8  9 10 |
---------------+-------------------------------+-----
Dodging        | 3 4 5 6 7 |  7.3
Fighting       | 3 4 5 |  5.1
Unarmed Combat | 4 5 6 7 10 11 12 | 12.5
Stealth        | 1 2 |  2.4
Throwing       | 1 |  1.1

Action                   |  1- 3 |  4- 6 |  7- 9 | 10-12 || total
-------------------------+-------+-------+-------+-------++-------
Melee: Unarmed           |   107 |   109 |   237 |   137 ||   590
       Punch             |       |     3 |     9 |     4 ||    16
Throw: Stone             |       |       |     4 |       ||     4
Invok: Berserk           |     1 |     2 |     4 |     4 ||    11
       Trog's Hand       |       |     1 |     1 |     2 ||     4
       Burn Spellbooks   |       |       |     1 |     1 ||     2
  Use: Scroll            |       |     2 |       |       ||     2
 Stab: Sleeping          |       |       |     2 |       ||     2
       Distracted        |       |       |     1 |       ||     1
  Eat: Chunk             |    14 |    12 |    29 |    17 ||    72
Armor: Animal skin       |    41 |       |       |       ||    41
       Robe              |       |    56 |    52 |    11 ||   119
Dodge: Dodged            |    72 |    80 |   120 |    84 ||   356

Table legend:
 A = Spawn XP
 B = Non-spawn XP
 C = Spawn XP percentage of total XP
 D = Spawn monster count
 E = Non-spawn monster count
 F = Spawn count percentage of total count
 G = Total turns spent on level
                    A         B        C        D         E        F      G
               +---------+---------+-------+---------+---------+-------+---------
         Total |       0 |    9660 |   0.0 |       0 |     195 |   0.0 |  5901
               +---------+---------+-------+---------+---------+-------+---------
           D:1 |       0 |      41 |   0.0 |       0 |      20 |   0.0 |   674
           D:2 |       0 |     374 |   0.0 |       0 |      43 |   0.0 |   612
           D:3 |       0 |      72 |   0.0 |       0 |      14 |   0.0 |   525
           D:4 |       0 |     387 |   0.0 |       0 |      25 |   0.0 |   892
           D:5 |       0 |    1003 |   0.0 |       0 |      24 |   0.0 |   641
           D:6 |       0 |     692 |   0.0 |       0 |      12 |   0.0 |   671
           D:7 |       0 |    1706 |   0.0 |       0 |      17 |   0.0 |   896
           D:8 |       0 |    3741 |   0.0 |       0 |      35 |   0.0 |   830
           D:9 |       0 |    1644 |   0.0 |       0 |       5 |   0.0 |   160
               +---------+---------+-------+---------+---------+-------+---------
